 Dungeon Crawl Stone Soup version 0.22-a0-499-g80674aa (webtiles) character file.

2338 Fhqwhgads the Magician (level 9, -2/69 HPs)
             Began as a Gnoll Skald on Nov 3, 2018.
             Was a Priest of Cheibriados.
             Slain by an orc warrior
             ... wielding a +0 halberd
              (28 damage)
             ... in a bailey.
             The game lasted 00:15:10 (5603 turns).

Fhqwhgads the Magician (Gnoll Skald)                Turns: 5603, Time: 00:15:11

Health: -2/69      AC:  8    Str: 21    XL:     9   Next: 43%
Magic:  18/18      EV: 16    Int: 28    God:    Cheibriados [***...]
Gold:   351        SH:  0    Dex: 22    Spells: 10/21 levels left

rFire    + . .     SeeInvis .   l - +1 flail (crush)
rCold    . . .     Gourm    .   (no shield)
rNeg     . . .     Faith    .   w - +0 ring mail {rPois}
rPois    +         Spirit   .   o - +0 helmet
rElec    .         Reflect  .   (no cloak)
rCorr    .         Harm     .   n - +0 pair of gloves
MR       .....                  (no boots)
Stlth    ++........             m - amulet of regeneration
HPRegen  0.61/turn              q - ring of protection from fire
MPRegen  0.16/turn              r - ring of poison resistance

@: very slow
A: distributed training, fangs 1, strong nose
a: Bend Time, Temporal Distortion, Renounce Religion


You were in a bailey.
You worshipped Cheibriados.
Cheibriados was most pleased with you.
You were not hungry.

You visited 1 branch of the dungeon, and saw 7 of its levels.
You also visited: Sewer and Bailey.

You collected 351 gold pieces.

Inventory:

Hand Weapons
 f - a +0 war axe
 g - a +3 mace
 l - a +1 flail of crushing (weapon)
 A - a +1 morningstar
Missiles
 e - 162 stones
 h - 12 tomahawks (quivered)
 E - 3 javelins
 L - 22 sling bullets
Armour
 n - a +0 pair of gloves (worn)
 o - a +0 helmet (worn)
 w - a +0 ring mail of poison resistance (worn)
 y - a +1 chain mail
Jewellery
 m - an amulet of regeneration (around neck)
 q - a ring of protection from fire (left hand)
 r - a ring of poison resistance (right hand)
Wands
 t - a wand of polymorph (12)
Scrolls
 a - a scroll of amnesia
 k - 2 scrolls of recharging
 u - a scroll of teleportation
 x - a scroll of blinking
 B - a scroll of magic mapping {unknown}
 C - a scroll of enchant armour
 D - a scroll of fear {unknown}
 F - 2 scrolls of remove curse
 H - a scroll of fog {unknown}
 I - a scroll of enchant weapon
 J - a scroll of identify
Potions
 b - a potion of heal wounds
 i - a potion of magic
 j - 6 potions of curing
 p - 2 potions of brilliance
 s - a potion of mutation
 v - 2 potions of lignification
 z - a potion of resistance
 G - 2 potions of flight
Books
 c - a book of Battle

   Spells                             Type                      Level
   a - Infusion                       Charms                       1
   b - Shroud of Golubria             Charms/Translocation         2
   c - Song of Slaying                Charms                       2
   d - Spectral Weapon                Hexes/Charms                 3
   e - Regeneration                   Charms/Necromancy            3
Comestibles
 d - 9 rations
 K - 4 chunks of flesh


   Skills:
 + Level 6.2 Fighting
 + Level 4.1 Short Blades
 + Level 4.1 Long Blades
 + Level 4.1 Axes
 + Level 6.2 Maces & Flails
 + Level 4.1 Polearms
 + Level 4.1 Staves
 + Level 4.1 Slings
 + Level 4.1 Bows
 + Level 4.1 Crossbows
 + Level 4.1 Throwing
 + Level 5.0 Armour
 + Level 6.2 Dodging
 + Level 4.1 Stealth
 + Level 4.1 Shields
 + Level 4.1 Unarmed Combat
 + Level 6.6 Spellcasting
 + Level 3.4 Conjurations
 + Level 3.4 Hexes
 + Level 6.5 Charms
 + Level 3.4 Summonings
 + Level 3.4 Necromancy
 + Level 3.4 Translocations
 + Level 3.4 Transmutations
 + Level 3.4 Fire Magic
 + Level 3.4 Ice Magic
 + Level 3.4 Air Magic
 + Level 3.4 Earth Magic
 + Level 3.4 Poison Magic
 + Level 4.5 Invocations
 + Level 4.1 Evocations


You had 10 spell levels left.
You knew the following spells:

 Your Spells              Type           Power        Failure   Level  Hunger
a - Infusion              Chrm           ####         1%          1    None
b - Song of Slaying       Chrm           #####...     1%          2    None
c - Shroud of Golubria    Chrm/Tloc      #####.....   1%          2    None
d - Regeneration          Chrm/Necr      #####.....   3%          3    None
e - Spectral Weapon       Hex/Chrm       #####...     3%          3    None


Dungeon Overview and Level Annotations

Branches:
Dungeon (7/15)             Temple (0/1) D:6

Altars:
Cheibriados
Makhleb
Nemelex Xobeh
Okawaru
Uskayaw
Vehumet
Yredelemnul
The Shining One


Innate Abilities, Weirdness & Mutations

Your experience applies equally to all skills.
You have very sharp teeth.
Your uncanny sense of smell can sniff out nearby items.


Message History

The orc warrior completely misses you.
You hit the orc warrior but do no damage.
The orc warrior hits you with a halberd!
* * * LOW HITPOINT WARNING * * *
You are too injured to fight recklessly!
You are too injured to fight recklessly!
You are too injured to fight recklessly!
You hit the orc warrior.
The orc warrior is lightly wounded.
The orc knight curses loudly.
The orc warrior barely misses you.
You hit the orc warrior but do no damage.
The orc warrior is lightly wounded.
The orc warrior barely misses you. The orc warrior completely misses you.
The orc warrior misses you.
The orc warrior shoots a bolt.
The bolt misses you. The orc warrior barely misses you.
There is an empty arch of ancient stone here.
The orc warrior hits you from afar with a halberd!!
You die...

### ##### ##@##
### .....##.∩.#
....
.≈≈≈..#.o.#..≈≈≈
≈≈o≈≈.......≈≈o≈
≈.oo≈.......≈oo.
≈≈o≈≈.).....≈≈o≈
.≈≈≈..#...#..≈≈≈
.....##...##....
##### ##∩## ####


You could see an orc warrior.

Vanquished Creatures
  Eustachio (D:6)
  The ghost of Xavori the Insei, an amateur OpCK of Xom (D:4)
  Edmund (D:4)
  A sky beast (D:6)
  A phantom (D:5)
  An orc warrior (Bailey)
  An ice beast (D:5)
  3 ogres
  A centaur (D:5)
  3 big kobolds (Sewer)
  A bullfrog (D:6)
  2 scorpions
  3 killer bees
  A howler monkey (D:6)
  The ghost of tehllama the Insei, a weakling OpTm (D:3)
  A jelly (D:5)
  A bullfrog zombie (D:5)
  A hound (D:6)
  3 orc priests
  An iguana (D:4)
  Jessica (D:3)
  4 orc wizards
  2 worker ants
  Terence (D:3)
  9 adders
  A howler monkey skeleton (D:5)
  A river rat (Sewer)
  3 oozes
  6 worms
  An adder skeleton (D:4)
  3 dart slugs
  5 leopard geckos
  24 orcs
  5 ball pythons
  4 giant cockroaches
  8 goblins
  7 hobgoblins
  13 jackals
  3 quokkas
  5 bats
  6 frilled lizards
  11 kobolds
  A quokka skeleton (D:6)
  8 rats
161 creatures vanquished.

Notes
Turn   | Place    | Note
-------+----------+-------------------------------------------
     0 | D:1      | Fhqwhgads the Gnoll Skald began the quest for the Orb.
     0 | D:1      | Reached XP level 1. HP: 20/20 MP: 6/6
   174 | D:1      | Reached XP level 2. HP: 25/26 MP: 7/7
   270 | D:1      | Reached XP level 3. HP: 21/31 MP: 1/9
   294 | D:1      | Learned a level 2 spell: Song of Slaying
   297 | D:1      | Learned a level 2 spell: Shroud of Golubria
   301 | D:1      | Learned a level 3 spell: Regeneration
   305 | D:1      | Learned a level 3 spell: Spectral Weapon
   396 | D:1      | Reached skill level 5 in Spellcasting
   641 | D:2      | Reached skill level 1 in Invocations
   701 | D:2      | Reached skill level 1 in Short Blades
   701 | D:2      | Reached skill level 1 in Long Blades
   701 | D:2      | Reached skill level 1 in Axes
   701 | D:2      | Reached skill level 1 in Polearms
   701 | D:2      | Reached skill level 1 in Staves
   701 | D:2      | Reached skill level 1 in Slings
   701 | D:2      | Reached skill level 1 in Bows
   701 | D:2      | Reached skill level 1 in Crossbows
   701 | D:2      | Reached skill level 1 in Throwing
   701 | D:2      | Reached skill level 1 in Stealth
   701 | D:2      | Reached skill level 1 in Shields
   701 | D:2      | Reached skill level 1 in Unarmed Combat
   701 | D:2      | Reached skill level 1 in Evocations
   706 | D:2      | Reached XP level 4. HP: 9/38 MP: 11/11
  1078 | D:2      | Reached skill level 1 in Conjurations
  1078 | D:2      | Reached skill level 1 in Hexes
  1078 | D:2      | Reached skill level 1 in Summonings
  1078 | D:2      | Reached skill level 1 in Necromancy
  1078 | D:2      | Reached skill level 1 in Translocations
  1078 | D:2      | Reached skill level 1 in Transmutations
  1078 | D:2      | Reached skill level 1 in Fire Magic
  1078 | D:2      | Reached skill level 1 in Ice Magic
  1078 | D:2      | Reached skill level 1 in Air Magic
  1078 | D:2      | Reached skill level 1 in Earth Magic
  1078 | D:2      | Reached skill level 1 in Poison Magic
  1083 | D:2      | Reached XP level 5. HP: 19/43 MP: 6/12
  1223 | D:2      | Found a snail-covered altar of Cheibriados.
  1281 | D:2      | Became a worshipper of Cheibriados the Contemplative
  1620 | D:3      | Found an iron altar of Okawaru.
  1934 | D:3      | Noticed Jessica
  1947 | D:3      | Killed Jessica
  1975 | D:3      | Noticed tehllama's ghost (weakling OpTm)
  2045 | D:3      | Reached XP level 6. HP: 41/50 MP: 7/13
  2048 | D:3      | Killed tehllama's ghost
  2050 | D:3      | Reached * piety under Cheibriados
  2075 | D:3      | Noticed Terence
  2093 | D:3      | Killed Terence
  2234 | D:4      | Found a glowing golden altar of the Shining One.
  2257 | D:4      | Noticed Xavori's ghost (amateur OpCK)
  2271 | D:4      | Killed Xavori's ghost
  2271 | D:4      | Reached skill level 5 in Fighting
  2271 | D:4      | Reached skill level 5 in Maces & Flails
  2271 | D:4      | Reached skill level 5 in Dodging
  2298 | D:4      | Reached XP level 7. HP: 56/56 MP: 15/15
  2411 | D:4      | Found a glowing golden altar of the Shining One.
  2640 | D:4      | Noticed Edmund
  2652 | D:4      | Killed Edmund
  2854 | D:4      | Reached XP level 8. HP: 55/63 MP: 16/16
  3255 | D:4      | Found a basalt altar of Yredelemnul.
  3257 | D:4      | Noticed a profane servitor
  3265 | D:4      | Noticed an angel
  3309 | D:5      | Entered Level 5 of the Dungeon
  3449 | D:5      | Reached ** piety under Cheibriados
  4532 | D:6      | Found a burning altar of Makhleb.
  4532 | D:6      | Found a radiant altar of Vehumet.
  4532 | D:6      | Found a hide-covered altar of Uskayaw.
  4537 | D:6      | Found a staircase to the Ecumenical Temple.
  4601 | D:6      | Found a glowing drain.
  4616 | Sewer    | Entered a sewer
  4635 | Sewer    | Reached XP level 9. HP: 65/69 MP: 18/18
  4660 | Sewer    | Reached *** piety under Cheibriados
  5143 | D:6      | Noticed a death knight
  5276 | D:6      | Found a sparkling altar of Nemelex Xobeh.
  5291 | D:6      | Noticed Eustachio
  5301 | D:6      | Killed Eustachio
  5533 | D:7      | Found a flagged portal.
  5587 | Bailey   | Entered a bailey
  5588 | Bailey   | Noticed an orc knight
  5588 | Bailey   | Noticed an orc knight
  5595 | Bailey   | Reached skill level 5 in Armour
  5603 | Bailey   | Slain by an orc warrior

Vault maps used:
D:1:      tarquinn_simple_flora_water_f, serial_bayou_pond_c
D:2:      cheibrodos_pilgrimage, lemuel_crystal_altar, first_ration
D:3:      nicolae_overflow_crystal_walls, uniq_jessica, uniq_terence
D:4:      grunt_temple_overflow_holy_war, tso_metal_star, uniq_edmund
D:6:      overflow_temple_1_default, grunt_temple_overflow_open,
          minmay_temple_entry_statues_pillars, cheibrodos_sewer_entry_bend,
          minmay_three_doors, uniq_eustachio
D:7:      nicolae_qazlal_style_of_elements, zin_academy, enter_bailey_3
Sewer:    sewer_co_15_rooms
Bailey:   bailey_polearm_4, bailey

Skill      XL: |  1  2  3  4  5  6  7  8  9 |
---------------+----------------------------+-----
Spellcasting   | 5 6 |  6.6
Invocations    | 1 2 3 4 |  4.5
Short Blades   | 1 2 3 4 |  4.1
Long Blades    | 1 2 3 4 |  4.1
Axes           | 1 2 3 4 |  4.1
Polearms       | 1 2 3 4 |  4.1
Staves         | 1 2 3 4 |  4.1
Slings         | 1 2 3 4 |  4.1
Bows           | 1 2 3 4 |  4.1
Crossbows      | 1 2 3 4 |  4.1
Throwing       | 1 2 3 4 |  4.1
Stealth        | 1 2 3 4 |  4.1
Shields        | 1 2 3 4 |  4.1
Unarmed Combat | 1 2 3 4 |  4.1
Evocations     | 1 2 3 4 |  4.1
Conjurations   | 1 2 3 |  3.4
Hexes          | 1 2 3 |  3.4
Summonings     | 1 2 3 |  3.4
Necromancy     | 1 2 3 |  3.4
Translocations | 1 2 3 |  3.4
Transmutations | 1 2 3 |  3.4
Fire Magic     | 1 2 3 |  3.4
Ice Magic      | 1 2 3 |  3.4
Air Magic      | 1 2 3 |  3.4
Earth Magic    | 1 2 3 |  3.4
Poison Magic   | 1 2 3 |  3.4
Armour         | 3 4 5 |  5.0
Fighting       | 5 6 |  6.2
Maces & Flails | 5 6 |  6.2
Dodging        | 5 6 |  6.2
Charms         | 6 |  6.5

Action                   |  1- 3 |  4- 6 |  7- 9 || total
-------------------------+-------+-------+-------++-------
Melee: Mace              |    81 |   127 |    44 ||   252
       Bite              |     8 |    10 |    28 ||    46
       Dagger            |       |     5 |       ||     5
       Punch             |       |     1 |     4 ||     5
       Flail             |       |       |   177 ||   177
       War axe           |       |       |    22 ||    22
 Cast: Infusion          |     5 |     4 |    12 ||    21
       Spectral Weapon   |       |     1 |     1 ||     2
       Shroud of Golubri |       |     1 |       ||     1
  Use: Scroll            |       |     6 |    13 ||    19
       Potion            |       |       |     3 ||     3
 Stab: Sleeping          |     1 |     1 |     4 ||     6
       Distracted        |       |       |     1 ||     1
  Eat: Chunk             |       |     5 |     5 ||    10
Armor: Leather armour    |    18 |    12 |       ||    30
       Chain mail        |       |     8 |     9 ||    17
       Ring mail         |       |       |    56 ||    56
Dodge: Dodged            |    86 |    85 |   189 ||   360

Table legend:
 A = Spawn XP
 B = Non-spawn XP
 C = Spawn XP percentage of total XP
 D = Spawn monster count
 E = Non-spawn monster count
 F = Spawn count percentage of total count
 G = Total turns spent on level
                    A         B        C        D         E        F      G
               +---------+---------+-------+---------+---------+-------+---------
         Total |       0 |    3341 |   0.0 |       0 |     161 |   0.0 |  5603
               +---------+---------+-------+---------+---------+-------+---------
           D:1 |       0 |      43 |   0.0 |       0 |      22 |   0.0 |   451
           D:2 |       0 |     149 |   0.0 |       0 |      28 |   0.0 |  1036
           D:3 |       0 |     219 |   0.0 |       0 |      24 |   0.0 |   705
           D:4 |       0 |     982 |   0.0 |       0 |      25 |   0.0 |  1146
           D:5 |       0 |     694 |   0.0 |       0 |      23 |   0.0 |  1067
           D:6 |       0 |     763 |   0.0 |       0 |      15 |   0.0 |   845
           D:7 |       0 |       7 |   0.0 |       0 |       4 |   0.0 |    56
         Sewer |       0 |     359 |   0.0 |       0 |      19 |   0.0 |   281
        Bailey |       0 |     125 |   0.0 |       0 |       1 |   0.0 |    16
               +---------+---------+-------+---------+---------+-------+---------
